 Dungeon Crawl Stone Soup version 0.27.1-4-g1640c2035a (webtiles) character file.

Game seed: 10113428131009988446

132601 dialouliti the Warrior (level 16, -3/158 HPs)
             Began as a Minotaur Fighter on Nov 1, 2021.
             Was the Champion of Okawaru.
             Slain by an ironbound frostheart (24 damage)
             ... in an ice cave on Nov 2, 2021.
             The game lasted 01:53:36 (35595 turns).

dialouliti the Warrior (Minotaur Fighter)          Turns: 35595, Time: 01:53:37

Health: -3/158     AC: 24    Str: 37    XL:     16   Next: 57%
Magic:  15/15      EV:  9    Int:  1    God:    Okawaru [******]
Gold:   1910       SH: 18    Dex: 20    Spells: 15/15 levels left

rFire    + . .     SeeInvis .   R - +8 morningstar of Linearity {drain, Will+}
rCold    . . .     Faith    .   v - +2 kite shield of Xemuskit {rElec rF+}
rNeg     + . .     Spirit   .   T - +4 chain mail of Gravitas {Str+7}
rPois    +         Reflect  .   (helmet restricted)
rElec    +         Harm     .   Q - scarf {shadows}
rCorr    +         Rampage  .   W - +3 pair of gloves of Midwinter {rC- rN+ Str+6 Int-4}
Will     ++...                  k - +0 pair of boots
Stlth    ..........             e - amulet of the acrobat
HPRegen  0.36/turn              M - ring of resist corrosion
MPRegen  0.14/turn              V - ring "Idykat" {rPois rC+ Dex+6 Slay+3}

@: no status effects
A: horns 2, retaliatory headbutt
a: Renounce Religion, Heroism, Finesse


You were in an ice cave.
You worshipped Okawaru.
Okawaru was exalted by your worship.
You visited 7 branches of the dungeon, and saw 27 of its levels.
You visited the Abyss 1 time.
You also visited: Ice Cave.

You collected 2693 gold pieces.
You spent 783 gold pieces at shops.

Inventory:

Hand Weapons
 n - the +6 war axe of Simyfis {protect, rElec Dex+4 Stlth+}
   (You found it on level 5 of the Dungeon)

   It grants its wielder temporary protection when it strikes (+7 to AC).
   Dex:       It affects your dexterity (+4).
   rElec:     It insulates you from electricity.
   Stlth:     It makes you more stealthy.
 N - the +6 hand axe of Broken Luck {elec, rF+}
   (Okawaru gifted it to you on level 1 of the Lair of Beasts)

   It occasionally discharges a powerful burst of electricity upon striking a
   foe.
   rF:        It protects you from fire.
 R - the +8 morningstar of Linearity (weapon) {drain, Will+}
   (You found it on level 13 of the Dungeon)

   A truly terrible weapon, it drains the life of any living foe it strikes.
   Will:      It increases your willpower.
Missiles
 m - 8 silver boomerangs
 w - 14 atropa-tipped darts (quivered)
Armour
 c - a +0 kite shield
 k - a +0 pair of boots (worn)
 t - a +3 chain mail of fire resistance
 v - the +2 kite shield of Xemuskit (worn) {rElec rF+}
   (You acquired it on level 14 of the Dungeon)

   rF:        It protects you from fire.
   rElec:     It insulates you from electricity.
 C - the +4 plate armour of Pessimism {rN+}
   (Okawaru gifted it to you on level 1 of the Elven Halls)

   rN:        It protects you from negative energy.
 Q - a scarf of shadows (worn)
 T - the +4 chain mail of Gravitas (worn) {Str+7}
   (You bought it in a shop on level 2 of the Orcish Mines)

   Str:       It affects your strength (+7).
 W - the +3 pair of gloves of Midwinter (worn) {rC- rN+ Str+6 Int-4}
   (You found it on level 13 of the Dungeon)

   Str:       It affects your strength (+6).
   Int:       It affects your intelligence (-4).
   rC:        It makes you vulnerable to cold.
   rN:        It protects you from negative energy.
Jewellery
 e - an amulet of the acrobat (around neck)
 B - an amulet of guardian spirit
 D - a ring of poison resistance
 E - a ring of protection from fire
 F - a +4 ring of protection
 J - a ring of ice
 M - a ring of resist corrosion (left hand)
 V - the ring "Idykat" (right hand) {rPois rC+ Dex+6 Slay+3}
   (You found it on level 13 of the Dungeon)

   [ring of dexterity]

   Dex:       It affects your dexterity (+6).
   Slay:      It affects your accuracy & damage with ranged weapons and melee
   (+3).
   rC:        It protects you from cold.
   rPois:     It protects you from poison.
Wands
 s - a wand of iceblast (30)
 G - a wand of charming (15)
 K - a wand of paralysis (24)
 O - a wand of flame (37)
 Y - a wand of polymorph (7)
 Z - a wand of mindburst (12)
Scrolls
 a - 4 scrolls of identify
 b - 2 scrolls of amnesia
 d - 7 scrolls of magic mapping
 f - 4 scrolls of blinking
 i - 4 scrolls of fear
 j - a scroll of holy word
 l - 12 scrolls of teleportation
 q - 6 scrolls of enchant weapon
 r - 4 scrolls of enchant armour
 u - a scroll of fog
 y - 3 scrolls of immolation
 A - 3 scrolls of brand weapon
 H - 3 scrolls of vulnerability
 I - 2 scrolls of silence
 L - a scroll of noise
 S - a scroll of torment
 X - a scroll of summoning
Potions
 g - 2 potions of attraction
 h - 3 potions of invisibility
 o - 8 potions of flight
 p - 3 potions of resistance
 x - 4 potions of lignification
 z - 2 potions of cancellation
 P - 2 potions of degeneration
 U - a potion of mutation


   Skills:
 * Level 18.3 Fighting
 * Level 17.5(17.6) Axes
 - Level 1.0(11.9) Maces & Flails
 + Level 11.3 Throwing
 * Level 15.7 Armour
 + Level 13.8 Shields


You had 15 spell levels left.
You didn't know any spells.
Your spell library contained the following spells:

 Spells                   Type           Power      Damage    Failure   Level
 Foxfire                  Conj/Fire      0%         2x1d4     91%         1
 Pain                     Necr           0%         1d4       91%         1
 Sandblast                Erth           0%         2d4       91%         1
 Sting                    Tmut/Pois      0%         1d3       91%         1
 Passwall                 Tmut/Erth      0%         N/A       97%         2
 Poisonous Vapours        Pois/Air       0%         N/A       97%         2
 Slow                     Hex            0%         N/A       97%         2
 Sublimation of Blood     Necr           0%         N/A       97%         2
 Confusing Touch          Hex            0%         N/A       99%         3
 Conjure Flame            Conj/Fire      0%         6-21      99%         3
 Dazzling Flash           Conj/Hex       0%         N/A       99%         3
 Frozen Ramparts          Ice            0%         1d2       99%         3
 Gell's Gravitas          Tloc           0%         N/A       99%         3
 Ignite Poison            Fire/Tmut/Pois 0%         N/A       99%         3
 Inner Flame              Hex/Fire       0%         N/A       99%         3
 Mephitic Cloud           Conj/Pois/Air  0%         N/A       99%         3
 Teleport Other           Tloc           0%         N/A       99%         3
 Vampiric Draining        Necr           0%         2d6       99%         3
 Airstrike                Air            0%         N/A       100%        4
 Animate Armour           Summ/Erth      0%         N/A       100%        4
 Ice Form                 Ice/Tmut       0%         N/A       100%        4
 Iskenderun's Mystic Bla  Conj/Tloc      0%         2d3       100%        4
 Olgreb's Toxic Radiance  Pois           0%         N/A       100%        4
 Sticky Flame             Conj/Fire      0%         2d3       100%        4
 Summon Ice Beast         Ice/Summ       0%         N/A       100%        4
 Summon Lightning Spire   Summ/Air       0%         N/A       100%        4
 Agony                    Necr           0%         N/A       100%        5
 Blade Hands              Tmut           0%         N/A       100%        5
 Excruciating Wounds      Necr           0%         N/A       100%        5
 Fireball                 Conj/Fire      0%         3d3       100%        5
 Lee's Rapid Deconstruct  Erth           0%         3d5*      100%        5
 Lightning Bolt           Conj/Air       0%         1d11      100%        5
 Summon Mana Viper        Hex/Summ       0%         N/A       100%        5
 Dispersal                Tloc           0%         N/A       100%        6
 Iron Shot                Conj/Erth      0%         9d1       100%        6
 Starburst                Conj/Fire      0%         6d3       100%        6
 Spellforged Servitor     Conj/Summ      0%         N/A       100%        7
 Summon Hydra             Summ           0%         N/A       100%        7
 Borgnjor's Revivificati  Necr           0%         N/A       100%        8
 Infestation              Necr           0%         N/A       100%        8


Dungeon Overview and Level Annotations

Branches:
Dungeon (14/15)            Temple (1/1) D:7            Lair (6/6) D:8
  Swamp (1/4) Lair:3        Snake (1/4) Lair:3          Orc (2/2) D:10
    Elf (2/3) Orc:2        Vaults (0/5) D:13          IceCv (1/1)
  Slime: Lair:5-6

Altars:
Ashenzari
Cheibriados
Dithmenos
Elyvilon
Fedhas
Gozag
Hepliaklqana
Kikubaaqudgha
Makhleb
Okawaru
Qazlal
Ru
Sif Muna
Uskayaw
Vehumet
Yredelemnul
Zin
The Shining One
Beogh
Jiyva

Shops:
D:4 !*   D:12 ((*[   Orc:2 ?:([

Annotations:
Lair:2 3 runed translucent doors, Flure's ghost, journeyman HuNe


Innate Abilities, Weirdness & Mutations

You have a pair of horns on your head.
You reflexively headbutt those who attack you in melee.


Message History

The wolf dies!
Okawaru accepts your kill. Something bites your yak!
Something claws your yak. x2
You swap places.
Something bites your yak! Something barely misses your yak.
Something claws your yak.
You swap places.
You start resting.
Your yak dissolves into shadows! x9
The polar bear barely misses your yak. x2
The polar bear claws your yak but does no damage.
Your yak barely misses the polar bear.
Your yak gores the polar bear.
Your yak closely misses the polar bear.
The ironbound frostheart calls freezing cold from the walls.
The frost grips you!!
* * * LOW HITPOINT WARNING * * *
You are encased in ice.
The frost grips your yak!! The frost grips your yak!
Your yak gores the ironbound frostheart but does no damage.
The ironbound frostheart completely misses your yak.
Your yak gores the ironbound frostheart!
The polar bear completely misses you. You furiously retaliate!
You headbutt the polar bear. You block the polar bear's attack.
The polar bear claws you but does no damage.
You impale the polar bear!! You drain the polar bear!
You kill the polar bear!
Okawaru accepts your kill. The ice encasing you melts away.
Something touches your yak! Something freezes your yak!!
Your yak dies!
Your yak's corpse dissolves into shadows!
Press: ? - help, . - travel You can't see that place. [the floor.]
You start removing your armour.
You continue taking off the +3 pair of gloves of Midwinter {rC- rN+ Str+6 Int-4}. x2
The ironbound frostheart touches you.
Keep disrobing?
* * * LOW HITPOINT WARNING * * *
The ironbound frostheart freezes you!!
You die...

# #§# ☼§○. ###
§§...#.# .$ #§
#..##### .### #..°
###..pY### h..## ...○
###...@#..Y## .h..#
#.#☼
##.....####p.###.p.#
###.....#####..##h.p#
##....######YY.##p†###
##....## #YY.YY###h.#
##.†.### ##[.Y#h#.##.#
#..######### ######p##
○# ##...##....### ###
# ####....#...###


You could see an ironbound frostheart (ally target) and a friendly yak
(summoned).

Vanquished Creatures
  Rupert (Lair:5)
  4 liches (D:13)
  A tentacled starspawn (Abyss:2)
  Kirke (Lair:4)
  2 deep elf demonologists (Elf:1)
  2 deep elf annihilators (Elf:1)
  The ghost of Sarphogetiu the Severer, a journeyman HOBe of Trog (D:14)
  An ettin (Orc:1)
  Josephine (Lair:4)
  Snorg (Lair:4)
  6 hydras
  2 boulder beetles (D:13)
  An ironbound frostheart (IceCv)
  A catoblepas (D:12)
  4 ogre magi
  Erolcha (D:10)
  3 two-headed ogres
  5 centaur warriors
  An anaconda (Lair:3)
  A death knight (D:13)
  4 death yaks (IceCv)
  3 dancing weapons (Elf:1)
  A tengu warrior (D:13)
  2 thrashing horrors (Abyss:2)
  The ghost of CuBeRJAN3 the Fighter, a novice GrFi of Okawaru (D:13)
  The ghost of Descartes the Ruffian, a novice TrWr of Gozag (D:6)
  2 orc high priests
  Nergalle (Orc:2)
  5 deep elf knights (Elf:1)
  A spatial maelstrom (Abyss:2)
  A harpy (shapeshifter) (D:13)
  A wizard (D:14)
  7 deep elf archers (Elf:1)
  21 deep elf pyromancers
  16 deep elf zephyrmancers
  2 orc knights
  10 orc sorcerers
  4 manticores
  An oklob plant (Lair:3)
  A worldbinder (Abyss:2)
  2 ugly things (D:12)
  7 cyclopes
  A manticore (shapeshifter) (D:13)
  13 slime creatures
  A will-o-the-wisp (Abyss:2)
  3 black mambas
  6 elephants
  A black mamba (shapeshifter) (D:13)
  An apocalypse crab (Abyss:2)
  3 gargoyles
  An ice statue (IceCv)
  A torpor snail (Lair:5)
  A smoke demon (Abyss:2)
  7 cane toads
  8 rime drakes
  4 unseen horrors
  12 komodo dragons
  Psyche (D:9)
  2 freezing wraiths
  A cane toad (shapeshifter) (D:14)
  A komodo dragon (shapeshifter) (D:12)
  An ancient zyme (Abyss:2)
  10 polar bears (IceCv)
  3 meliai (D:14)
  5 trolls
  3 hornets
  Prince Ribbit (D:8)
  6 raiju (Abyss:2)
  A large abomination (Abyss:2)
  3 spriggans (D:14)
  Sigmund (D:3)
  A vampire (D:11)
  2 water elementals (Elf:1)
  54 yaks
  2 ynoxinuls (Abyss:2)
  A wyvern (shapeshifter) (D:13)
  4 hogs
  8 basilisks
  4 wraiths
  A black mamba skeleton (Abyss:2)
  A fire elemental (Elf:1)
  3 fire bats (Abyss:2)
  2 steam dragons
  10 wyverns
  14 vampire mosquitoes
  A warg (shapeshifter) (Orc:2)
  8 wargs
  A naga (Lair:3)
  A spatial vortex (Abyss:2)
  An acid dragon (D:10)
  Duvessa (D:6)
  10 water moccasins
  11 orc warriors
  A black bear (shapeshifter) (D:14)
  2 sky beasts
  An ice beast (D:7)
  A black bear (D:8)
  2 necrophages (D:6)
  7 centaurs
  7 ogres
  A boggart (D:14)
  2 phantoms
  20 wolves
  2 kobold brigands
  20 bullfrogs
  A gnoll sergeant (D:13)
  An earth elemental (Elf:1)
  A water moccasin zombie (D:7)
  A scorpion (D:5)
  Dowan (D:6)
  6 killer bees
  9 wights
  8 electric eels
  5 centaur zombies
  7 starcursed masses (Abyss:2)
  A jelly (D:6)
  Crazy Yiuf (D:3)
  3 gnoll shamans
  13 orc priests
  3 hounds
  2 iron imps (Abyss:2)
  Jessica (D:2)
  Ijyb (D:4)
  Terence (D:3)
  3 iguanas
  36 orc wizards
  10 hell rats (D:14)
  2 centaur simulacra
  A hound skeleton (D:5)
  Robin (D:4)
  A howler monkey zombie (D:9)
  9 adders
  23 gnolls
  A howler monkey skeleton (D:6)
  13 white imps
  4 ufetubi
  6 worms
  An adder skeleton (D:4)
  2 dart slugs
  51 orcs
  5 bats
  15 endoplasms
  3 giant cockroaches
  10 goblins
  12 hobgoblins
  3 jackals (D:1)
  3 quokkas
  5 ball pythons
  8 frilled lizards
  20 kobolds
  6 rats
  A spectral orc (D:12)
  2 starspawn tentacles (Abyss:2)
766 creatures vanquished.

Vanquished Creatures (collateral kills)
  A vampire (Abyss:2)
  A starcursed mass (Abyss:2)
  A wolf (IceCv)
  A starspawn tentacle (Abyss:2)
4 creatures vanquished.

Vanquished Creatures (others)
  A deep elf knight (Elf:1)
  A polar bear (IceCv)
  An ufetubus (Abyss:2)
  An orc (Orc:2)
  2 foxfires (Abyss:2)
  37 fungi
  87 plants
  7 starspawn tentacles (Abyss:2)
137 creatures vanquished.

Grand Total: 907 creatures vanquished

Notes
Turn   | Place    | Note
-------+----------+-------------------------------------------
     0 | D:1      | dialouliti the Minotaur Fighter began the quest for the
                  | Orb.
     0 | D:1      | Reached XP level 1. HP: 19/19 MP: 0/0
   237 | D:1      | Reached XP level 2. HP: 19/27 MP: 1/1
   510 | D:1      | Reached skill level 4 in Fighting
   700 | D:1      | Reached XP level 3. HP: 33/33 MP: 2/2
  1013 | D:2      | Reached XP level 4. HP: 36/41 MP: 3/3
  1209 | D:2      | Noticed Jessica
  1223 | D:2      | Killed Jessica
  1735 | D:2      | Reached skill level 5 in Fighting
  1902 | D:3      | Reached XP level 5. HP: 48/48 MP: 4/4
  1950 | D:3      | Found a runed translucent door.
  1951 | D:3      | Noticed Crazy Yiuf
  2188 | D:3      | Noticed Terence
  2193 | D:3      | Killed Terence
  2391 | D:3      | Noticed Sigmund
  2400 | D:3      | Killed Sigmund
  2401 | D:3      | Reached skill level 5 in Axes
  2401 | D:3      | Reached skill level 1 in Throwing
  2401 | D:3      | Reached XP level 6. HP: 43/57 MP: 5/5
  2488 | D:3      | Found a faded altar of an unknown god.
  2577 | D:3      | Killed Crazy Yiuf
  3056 | D:3      | Reached skill level 6 in Fighting
  3574 | D:4      | Reached skill level 5 in Shields
  3579 | D:4      | Reached XP level 7. HP: 46/63 MP: 6/6
  3793 | D:4      | Found Plog's Serpentskin Sales.
  3810 | D:4      | Reached skill level 5 in Armour
  4138 | D:4      | Noticed Robin
  4162 | D:4      | Killed Robin
  4242 | D:4      | Noticed Ijyb
  4255 | D:4      | Killed Ijyb
  4356 | D:4      | Found a hide-covered altar of Uskayaw.
  4364 | D:4      | Reached skill level 7 in Fighting
  4426 | D:4      | Found Kosoukig's Distillery.
  4433 | D:4      | Bought a potion of heal wounds for 50 gold pieces
  4433 | D:4      | Bought a potion of heal wounds for 50 gold pieces
  4433 | D:4      | Bought a potion of berserk rage for 50 gold pieces
  4551 | D:4      | Found a broken altar of Ashenzari.
  4791 | D:5      | Entered Level 5 of the Dungeon
  4858 | D:5      | Noticed a steam dragon
  4870 | D:5      | Killed a steam dragon
  4871 | D:5      | Reached XP level 8. HP: 15/73 MP: 7/7
  5224 | D:5      | Identified the +6 war axe of Simyfis {protect, rElec Dex+4
                  | Stlth+}
  5567 | D:6      | Reached skill level 8 in Fighting
  5800 | D:6      | Noticed Dowan
  5801 | D:6      | Noticed Duvessa
  5802 | D:6      | Killed Dowan
  5807 | D:6      | Killed Duvessa
  5813 | D:6      | Reached XP level 9. HP: 69/82 MP: 8/8
  6045 | D:6      | Found a runed translucent gate.
  6046 | D:6      | Found a runed translucent gate.
  6047 | D:6      | Found a runed translucent gate.
  6048 | D:6      | Noticed Descartes's ghost (novice TrWr)
  6599 | D:7      | Found a staircase to the Ecumenical Temple.
  6607 | Temple   | Entered the Ecumenical Temple
  6766 | Temple   | Became a worshipper of Warmaster Okawaru
  6833 | D:7      | Reached skill level 9 in Fighting
  7347 | D:8      | Noticed Prince Ribbit
  7389 | D:8      | Killed Prince Ribbit
  7389 | D:8      | Reached * piety under Okawaru
  7631 | D:8      | Found a staircase to the Lair.
  7638 | D:8      | Reached skill level 10 in Fighting
  7757 | D:8      | Reached ** piety under Okawaru
  7800 | D:8      | Reached XP level 10. HP: 83/93 MP: 9/9
  7934 | D:8      | Reached skill level 5 in Throwing
  8468 | D:8      | Reached skill level 10 in Axes
  9156 | D:9      | Found a shadowy altar of Dithmenos.
  9157 | D:9      | Found a glowing golden altar of the Shining One.
  9159 | D:9      | Found an opulent altar of Gozag.
  9298 | D:9      | Reached *** piety under Okawaru
  9458 | D:9      | Noticed Psyche
  9464 | D:9      | Killed Psyche
  9909 | D:9      | Reached skill level 11 in Fighting
 10188 | Lair:1   | Entered Level 1 of the Lair of Beasts
 10239 | Lair:1   | Noticed a cane toad
 10245 | Lair:1   | Killed a cane toad
 10245 | Lair:1   | Reached **** piety under Okawaru
 10373 | Lair:1   | Reached XP level 11. HP: 96/102 MP: 10/10
 10652 | Lair:1   | Reached ***** piety under Okawaru
 10655 | Lair:1   | Received a gift from Okawaru
 10812 | Lair:1   | Noticed an eight-headed hydra
 10836 | Lair:1   | Killed a 14-headed hydra
 11388 | Lair:1   | Reached skill level 12 in Fighting
 11515 | Lair:1   | Received a gift from Okawaru
 11807 | Lair:1   | Noticed a four-headed hydra
 11825 | Lair:1   | Killed a ten-headed hydra
 11825 | Lair:1   | Identified the +6 hand axe of Broken Luck {elec, rF+}
                  | (Okawaru gifted it to you on level 1 of the Lair of Beasts)
 11825 | Lair:1   | Received a gift from Okawaru
 12295 | Lair:2   | Found a runed translucent gate.
 12295 | Lair:2   | Found a runed translucent gate.
 12295 | Lair:2   | Found a runed translucent gate.
 12299 | Lair:2   | Noticed Flure's ghost (journeyman HuNe)
 12305 | Lair:2   | Found a viscous altar of Jiyva.
 12317 | Lair:2   | You fall into a shaft and drop 2 floors!
 12317 | Lair:4   | Noticed Snorg
 12328 | Lair:4   | Killed Snorg
 12385 | Lair:4   | Noticed Josephine
 12385 | Lair:4   | Noticed a seven-headed hydra
 12404 | Lair:4   | HP: 4/105 [eight-headed hydra (7)]
 12407 | Lair:4   | Killed a nine-headed hydra
 12411 | Lair:4   | Killed Josephine
 12411 | Lair:4   | Received a gift from Okawaru
 12411 | Lair:4   | Received a gift from Okawaru
 12412 | Lair:4   | Reached XP level 12. HP: 33/113 MP: 9/11
 12415 | Lair:4   | Received a gift from Okawaru
 12774 | Lair:4   | Identified a scroll of acquirement
 12776 | Lair:4   | Acquired 566 gold pieces
 12808 | Lair:3   | Reached skill level 13 in Fighting
 13025 | Lair:2   | Reached skill level 10 in Armour
 13025 | Lair:2   | Reached skill level 10 in Shields
 13275 | Lair:2   | Noticed a six-headed hydra
 13303 | Lair:2   | Killed a 19-headed hydra
 14773 | Lair:3   | Received a gift from Okawaru
 14903 | Lair:3   | Found a staircase to the Swamp.
 14922 | Lair:3   | Found a staircase to the Snake Pit.
 14939 | Lair:3   | Reached skill level 14 in Fighting
 15233 | Snake:1  | Entered Level 1 of the Snake Pit
 15233 | Snake:1  | Noticed an anaconda
 15701 | Lair:4   | Noticed Kirke
 15998 | Lair:4   | Killed Kirke
 15998 | Lair:4   | Reached ****** piety under Okawaru
 15998 | Lair:4   | Received a gift from Okawaru
 15999 | Lair:4   | Reached XP level 13. HP: 117/124 MP: 4/12
 16840 | Lair:5   | Noticed Rupert
 16846 | Lair:5   | Paralysed by Rupert for 2 turns
 16851 | Lair:5   | Paralysed by Rupert for 4 turns
 16971 | D:6      | Killed Descartes's ghost
 17078 | D:10     | Entered Level 10 of the Dungeon
 17400 | D:10     | Found a staircase to the Orcish Mines.
 17471 | D:10     | Noticed Erolcha
 17479 | D:10     | Killed Erolcha
 17913 | Orc:1    | Entered Level 1 of the Orcish Mines
 18757 | Orc:2    | Entered Level 2 of the Orcish Mines
 18757 | Orc:2    | Found a staircase to the Elven Halls.
 18758 | Orc:2    | Noticed an ettin
 18778 | Orc:1    | Killed an ettin
 19280 | Orc:2    | Paralysed by an ogre mage for 3 turns
 19443 | Orc:2    | Reached skill level 15 in Fighting
 19457 | Orc:2    | Received a gift from Okawaru
 19603 | Orc:2    | Paralysed by an orc sorcerer for 5 turns
 19664 | Orc:2    | Found Vorixkun's Antique Armour Emporium.
 19672 | Orc:2    | Bought a pitted chain mail for 237 gold pieces
 19672 | Orc:2    | Identified the +4 chain mail of Gravitas {Str+7} (You
                  | bought it in a shop on level 2 of the Orcish Mines)
 19699 | Orc:2    | Found an ancient bone altar of Kikubaaqudgha.
 19705 | Orc:2    | Noticed Nergalle
 19721 | Orc:2    | Killed Nergalle
 19919 | Orc:2    | Paralysed by an orc sorcerer for 2 turns
 19942 | Orc:2    | Reached skill level 15 in Axes
 20036 | Orc:2    | Found a radiant altar of Vehumet.
 20064 | Orc:2    | Paralysed by an orc sorcerer for 6 turns
 20998 | Orc:2    | Found Wecikumn's Antique Weapon Shoppe.
 21000 | Orc:2    | Paralysed by something for 2 turns
 21019 | Orc:2    | Found Fieckou's Magic Scroll Emporium.
 21028 | Orc:2    | Found Bin Onix's Book Emporium.
 21359 | Orc:2    | Bought a scroll of fear for 35 gold pieces
 21359 | Orc:2    | Bought a scroll of blinking for 75 gold pieces
 21359 | Orc:2    | Bought a scroll of blinking for 75 gold pieces
 21359 | Orc:2    | Bought a scroll of silence for 75 gold pieces
 21371 | Orc:2    | Bought a scroll of immolation for 35 gold pieces
 21371 | Orc:2    | Bought a scroll of vulnerability for 75 gold pieces
 22369 | D:11     | Received a gift from Okawaru
 22604 | D:11     | Reached XP level 14. HP: 121/130 MP: 13/13
 23310 | D:12     | Received a gift from Okawaru
 23402 | D:12     | Found Luysaito's Weapon Shop.
 23439 | D:12     | Found Rymeruuf's General Store.
 23445 | D:12     | Bought a scroll of identify for 26 gold pieces
 23506 | D:12     | Found Ufugedy's Antique Armour Shoppe.
 24181 | D:12     | Received a gift from Okawaru
 24446 | D:12     | Found a hazy altar of Hepliaklqana.
 24459 | D:12     | Found Deaveoll's Antique Weapon Shop.
 25521 | D:13     | Paralysed by an orc sorcerer for 2 turns
 25527 | D:13     | Received a gift from Okawaru
 25577 | D:13     | Reached skill level 16 in Fighting
 25966 | D:13     | Received a gift from Okawaru
 26395 | D:13     | Received a gift from Okawaru
 26418 | D:13     | Found a runed translucent gate.
 26424 | D:13     | Found an ancient bone altar of Kikubaaqudgha.
 26424 | D:13     | Noticed a lich
 26424 | D:13     | Noticed a lich
 26424 | D:13     | Noticed CuBeRJAN3's ghost (novice GrFi)
 26425 | D:13     | Found a runed translucent gate.
 26425 | D:13     | Found a runed translucent gate.
 26425 | D:13     | Noticed a lich
 26425 | D:13     | Noticed a lich
 26529 | D:13     | Found a gate to the Vaults.
 27299 | D:13     | Killed a lich
 27300 | D:13     | Reached skill level 10 in Throwing
 27300 | D:13     | Killed a lich
 27312 | D:13     | Killed a lich
 27315 | D:13     | Killed CuBeRJAN3's ghost
 27335 | D:13     | Killed a lich
 27336 | D:13     | Reached XP level 15. HP: 119/145 MP: 9/14
 27342 | D:13     | Got Kikubaaqudgha's Disquisition on Unholy Magic
 27344 | D:13     | Identified the +8 morningstar of Linearity {drain, Will+}
 27351 | D:13     | Identified the ring "Idykat" {rPois rC+ Dex+6 Slay+3}
 27366 | D:13     | Identified the +3 pair of gloves of Midwinter {rC- rN+
                  | Str+6 Int-4}
 27467 | D:14     | Found a runed translucent door.
 27467 | D:14     | Identified the +3 trident "Gido" {drain, rF+ Str+7 SInv
                  | Stlth+}
 27482 | D:14     | Noticed Sarphogetiu's ghost (journeyman HOBe)
 27551 | D:14     | Cast into level 2 of the Abyss (a wizard)
 27647 | Abyss:2  | Reached skill level 1 in Maces & Flails
 27827 | Abyss:2  | Received a gift from Okawaru
 27914 | Abyss:2  | Noticed a tentacled starspawn
 27926 | Abyss:2  | HP: 3/146 [something/ball of steam (19)]
 27951 | Abyss:2  | Killed a tentacled starspawn
 27960 | D:14     | Escaped the Abyss
 28291 | D:14     | Acquired the +2 kite shield of Xemuskit {rElec rF+}
 28401 | D:14     | Reached skill level 17 in Fighting
 28650 | D:14     | Received a gift from Okawaru
 29106 | D:14     | Killed Sarphogetiu's ghost
 29557 | Elf:1    | Entered Level 1 of the Elven Halls
 30441 | Elf:1    | Noticed an Executioner
 32004 | Elf:1    | Received a gift from Okawaru
 32225 | Elf:1    | Received a gift from Okawaru
 32384 | Elf:1    | Received a gift from Okawaru
 32385 | Elf:1    | Reached XP level 16. HP: 82/157 MP: 12/15
 32391 | Elf:1    | Reached skill level 15 in Armour
 32750 | Elf:1    | Identified the +4 plate armour of Pessimism {rN+} (Okawaru
                  | gifted it to you on level 1 of the Elven Halls)
 32750 | Elf:1    | Received a gift from Okawaru
 32942 | Elf:1    | Got the Guide on Creation
 33256 | Elf:1    | Got the Reference Book on Combat Magic
 33426 | Elf:1    | Reached skill level 18 in Fighting
 34371 | Swamp:1  | Entered Level 1 of the Swamp
 34428 | Lair:5   | Killed Rupert
 34996 | Lair:6   | Entered Level 6 of the Lair of Beasts
 35022 | Lair:6   | Found a frozen archway.
 35044 | IceCv    | Entered an ice cave
 35541 | IceCv    | Identified the +4 broad axe "Omap" {drain, Fly rCorr SInv}
                  | (Okawaru gifted it to you in an ice cave)
 35541 | IceCv    | Received a gift from Okawaru
 35595 | IceCv    | Slain by an ironbound frostheart

Illustrated notes

Levels and vault maps discovered:
D:1:      lightli_arrival_noodles, layout_basic
D:2:      layout_loops_ring, minmay_misc_feat_cross, uniq_jessica
D:3:      layout_basic, hellmonk_ecumenical_altar_prayer_group, uniq_terence,
          uniq_sigmund, uniq_crazy_yiuf_cottage
D:4:      layout_basic, nicolae_uskayaw_dance_hall,
          nicolae_overflow_hidden_temple, serial_shops, nicolae_diamond_shop,
          minmay_misc_feat_five, st_stairs_3, guppyfry_shop_venom, uniq_robin,
          uniq_ijyb
D:5:      layout_rooms
D:6:      layout_loops_ring, gammafunk_ghost_necromancy, uniq_duvessa
D:7:      minmay_general_purpose_star, layout_loops_cross,
          minmay_temple_entry_butterflies
D:8:      layout_layer_cave, due_lair_maze_entry_diamond, serial_bayou_lake_a,
          uniq_prince_ribbit1
D:9:      layout_long_grid, grunt_temple_overflow_open, uniq_psyche
D:10:     layout_irregular_city, orc_0_dummy, uniq_erolcha
D:11:     layout_gridville, kennysheep_nondescript
D:12:     layout_roguey, serial_shops, nicolae_stop_n_shop_1,
          nicolae_shop_waterfront, shop, shop_fountains,
          nicolae_hepliaklqana_monster_ancestors
D:13:     minmay_the_grid_net [minmay_the_grid_tri_star,
          minmay_the_grid_minigrid_small_alt, minmay_the_grid_spikes,
          minmay_the_grid_tiny_cups, minmay_the_grid_spin_star,
          minmay_the_grid_prize_trominoes], layout_layer_cave, david_vaults_2,
          gammafunk_ghost_crypt
D:14:     layout_roguey [special_room_mythical_zoo],
          ebering_ghost_funeral_grove, serial_glass, glass_columns_b,
          glass_columns_a, glass_columns_b, glass_columns_a, glass_columns_a,
          glass_columns_a, glass_columns_a, glass_columns_a
Temple:   regret_index_temple_generic_petals
Lair:1:   layout_loops_ring, infiniplex_staircase_pool_2, wad_woods_river_01
Lair:2:   layout_big_grid, gammafunk_ghost_ooze, gauntlet_entry_generic
Lair:3:   layout_regular_city, minmay_swamp_entry_swarm,
          guppyfry_snake_entry_island, minmay_lair_oklob_chamber,
          lemuel_fruit_tree, serial_bayou_shore_a, grunt_megastairs_5
Lair:4:   layout_regular_city, nicolae_volcano_entry_two_sided, uniq_josephine,
          uniq_kirke, uniq_snorg
Lair:5:   layout_loops_ring, serial_bayou_pond_b, uniq_rupert
Lair:6:   hellmonk_lair_end_abyssal_woods, layout_layer_cave,
          nicolae_slime_entry_slimehenge, portal_ice_cave_entry_imps
Swamp:1:  layout_basic_swamp, nicolae_swamp_fairy_circle, swamp_pool2
Snake:1:  layout_misc_corridors, serial_bayou_ford_a, nicolae_snake_shapes,
          minmay_shoptagon
Orc:1:    layout_diamond_mine, guppyfry_library_mini
Orc:2:    kennysheep_orc_mage_school, layout_caves, nicolae_orc_pool_cavern,
          mines5_lemuel
Elf:1:    elf_arrival_002, layout_geoelf_diagonals, minmay_elf_demonology,
          minmay_misc_feat_pillars, serial_sigils_hangedman_scar,
          grunt_ministairs_7, nicolae_elf_m_pinch, minmay_elf_annihilation
Elf:2:    nicolae_elf_blades_crystal_corner, layout_geoelf_diagonals
IceCv:    ice_cave_caverns_01

Skill      XL: |  1  2  3  4  5  6  7  8  9 10 11 12 13 14 15 16 |
---------------+-------------------------------------------------+-----
Axes           | 3 4 5 6 8 9 11 12 13 15 16 17 | 17.5
Fighting       | 4 5 6 7 8 10 11 12 14 15 16 17 18 | 18.3
Shields        | 4 5 6 7 8 9 10 11 12 13 | 13.8
Armour         | 4 5 6 7 8 9 10 11 13 14 15 | 15.7
Throwing       | 1 2 3 4 6 7 8 9 10 11 | 11.3
Maces & Flails | 1 |  1.0

Action                   |  1- 3 |  4- 6 |  7- 9 | 10-12 | 13-15 | 16-18 || total
-------------------------+-------+-------+-------+-------+-------+-------++-------
Melee: War axe           |    74 |   120 |   267 |   503 |   619 |       ||  1583
       Headbutt          |     6 |    14 |    57 |   156 |   329 |    64 ||   626
       Unarmed           |       |       |       |    20 |       |       ||    20
       Hand axe          |       |       |       |       |    42 |       ||    42
       Morningstar       |       |       |       |       |   340 |   231 ||   571
Throw: Dart              |       |       |     3 |     8 |     2 |     1 ||    14
Invok: Heroism           |       |       |       |     9 |    15 |     2 ||    26
       Finesse           |       |       |       |     3 |     7 |     1 ||    11
  Use: Potion            |       |     1 |     7 |     7 |    10 |       ||    25
       Scroll            |       |       |       |    14 |    11 |     2 ||    27
 Stab: Invisible         |       |       |       |     1 |       |       ||     1
Armor: Scale mail        |    47 |    34 |    26 |       |       |       ||   107
       Chain mail        |       |       |   106 |   330 |   535 |    54 ||  1025
       Skin              |       |       |       |     2 |       |       ||     2
Dodge: Dodged            |    24 |    33 |    65 |   179 |   328 |    53 ||   682
Block: Kite shield       |    37 |    60 |   154 |   342 |   653 |   152 ||  1398
